 Dungeon Crawl Stone Soup version 0.23.1 (webtiles) character file.

Game seed: 6112171579163159928

22789 Gospel the Thaumaturge (level 12, -1/74 HPs)
             Began as a Mummy Summoner on Mar 3, 2019.
             Was a High Priest of Vehumet.
             Slain by a white ugly thing (3 damage)
             ... on level 14 of the Dungeon.
             The game lasted 01:03:07 (22465 turns).

Gospel the Thaumaturge (Mummy Summoner)            Turns: 22465, Time: 01:03:07

Health: -1/74      AC: 10    Str: 11    XL:     12   Next: 66%
Magic:  6/38       EV: 15    Int: 19    God:    Vehumet [*****.]
Gold:   323        SH:  3    Dex: 20    Spells: 2/38 levels left

rFire    . . .     SeeInvis .   a - +4 long sword (slice)
rCold    + . .     Gourm    .   (no shield)
rNeg     + + +     Faith    .   p - +2 robe {Archmagi}
rPois    ∞         Spirit   .   D - +2 helmet of Tebol {Dex+7}
rElec    .         Reflect  +   c - +2 cloak
rCorr    .         Harm     .   (no gloves)
MR       +....                  (no boots)
Stlth    ++........             h - +3 amulet of reflection
HPRegen  0.22/turn              r - ring "Canoos" {rPois rF+ rN+ MP+9}
MPRegen  0.26/turn              B - +3 ring of evasion

@: no status effects
A: no food or potions, fire vulnerability, cold resistance 1, negative energy
resistance 3, torment resistance, unbreathing
a: Renounce Religion


You were on level 14 of the Dungeon.
You worshipped Vehumet.
Vehumet was extremely pleased with you.
You were not hungry.

You visited 2 branches of the dungeon, and saw 16 of its levels.
You also visited: Bailey.

You collected 830 gold pieces.
You spent 507 gold pieces at shops.

Inventory:

Hand Weapons
 a - a +4 long sword of slicing (weapon)
 e - a +1 rapier of speed
 f - a +4 dagger of venom
 o - a +0 blowgun
Missiles
 j - 24 poisoned needles
Armour
 c - a +2 cloak (worn)
 g - +3 pearl dragon scales
 p - a +2 robe of the Archmagi (worn)
 x - a +2 robe of cold resistance
 C - the +1 plate armour of Sat Syist {+Fly MR+ rCorr}
   (You found it on level 11 of the Dungeon)

   It affects your resistance to hostile enchantments.
   It lets you fly.
   It provides partial protection from all sources of acid and corrosion.
 D - the +2 helmet of Tebol (worn) {Dex+7}
   (You bought it in a shop on level 13 of the Dungeon)

   It affects your dexterity (+7).
 E - the +1 robe of the Dwarven Hall {rN++}
   (You bought it in a shop on level 13 of the Dungeon)

   It greatly protects you from negative energy.
Magical Staves
 n - an uncursed staff of fire
 y - an uncursed staff of cold
Jewellery
 h - a +3 amulet of reflection (around neck)
 r - the ring "Canoos" (left hand) {rPois rF+ rN+ MP+9}
   (You took it off an orc on level 7 of the Dungeon)

   [ring of poison resistance]

   It protects you from fire.
   It protects you from poison.
   It protects you from negative energy.
   It affects your magic capacity (+9).
 s - an uncursed amulet of the gourmand
 B - a +3 ring of evasion (right hand)
Wands
 k - a wand of flame (32)
 q - a wand of paralysis (6)
 t - a wand of random effects (17)
 w - a wand of acid (8)
Scrolls
 b - 5 scrolls of remove curse
 d - 3 scrolls of noise
 i - 3 scrolls of immolation
 l - 3 scrolls of amnesia
 m - 2 scrolls of fog
 u - 2 scrolls of holy word
 v - 3 scrolls of teleportation
 z - a scroll of vulnerability
 A - 2 scrolls of random uselessness


   Skills:
 - Level 1.5 Dodging
 - Level 1.5 Stealth
 + Level 13.6 Spellcasting
 + Level 8.1 Conjurations
 - Level 2.0 Hexes
 - Level 8.5 Summonings
 - Level 4.2 Ice Magic
 - Level 4.1 Air Magic
 - Level 8.0 Earth Magic


You had 2 spell levels left.
You knew the following spells:

 Your Spells              Type           Power        Failure   Level  Hunger
a - Summon Small Mammal   Summ           ####         1%          1    N/A
b - Call Imp              Summ           ######..     1%          2    N/A
c - Call Canine Familiar  Summ           ######..     1%          3    N/A
d - Summon Lightning Spi  Summ/Air       ######..     3%          4    N/A
e - Summon Ice Beast      Ice/Summ       ######..     3%          4    N/A
f - Summon Guardian Gole  Hex/Summ       #####...     1%          3    N/A
g - Stone Arrow           Conj/Erth      ######       1%          3    N/A
h - Conjure Flame         Conj/Fire      #####...     1%          3    N/A
i - Lightning Bolt        Conj/Air       ######....   3%          5    N/A
j - Mephitic Cloud        Conj/Pois/Air  #####...     1%          3    N/A
k - Lee's Rapid Deconstr  Erth           ######....   1%          5    N/A

Your spell library contained the following spells:

 Spells                   Type           Power        Failure   Level  Hunger
 Bolt of Draining         Conj/Necr      #####.....   7%          5    N/A
 Magic Dart               Conj           ####         1%          1    N/A
 Sandblast                Erth           ######       1%          1    N/A
 Summon Butterflies       Summ           ######..     1%          1    N/A
 Passwall                 Tmut/Erth      #####...     1%          2    N/A
 Slow                     Hex            ####....     3%          2    N/A
 Apportation              Tloc           ###...       5%          1    N/A
 Blink                    Tloc           N/A          8%          2    N/A
 Static Discharge         Conj/Air       ######..     1%          3    N/A
 Recall                   Summ/Tloc      N/A          2%          3    N/A
 Aura of Abjuration       Summ           ######....   4%          5    N/A
 Summon Demon             Summ           ######....   4%          5    N/A
 Tukima's Dance           Hex            ####....     7%          3    N/A
 Petrify                  Tmut/Erth      #####...     10%         4    N/A
 Lesser Beckoning         Tloc           ###.......   16%         3    N/A
 Summon Mana Viper        Hex/Summ       #####...     16%         5    N/A
 Summon Forest            Summ/Tloc      #####.....   24%         5    N/A
 Shadow Creatures         Summ           N/A          24%         6    N/A
 Alistair's Intoxication  Tmut/Pois      ###.....     82%         5    N/A
 Invisibility             Hex            ####....     98%         6    N/A
 Ignition                 Fire           ###.......   100%        8    N/A
 Shatter                  Erth           ######....   100%        9    N/A
 Tornado                  Air            #####.....   100%        9    N/A

Dungeon Overview and Level Annotations

Branches:
Dungeon (15/15)            Temple (1/1) D:4            Lair (0/6) D:9
 Vaults (0/5) D:13
    Orc: D:9-12      Depths: D:15

Altars:
Ashenzari
Cheibriados
Dithmenos
Elyvilon
Fedhas
Gozag
Hepliaklqana
Kikubaaqudgha
Makhleb
Nemelex Xobeh
Okawaru
Qazlal
Ru
Sif Muna
Trog
Uskayaw
Vehumet
Wu Jian
Xom
Yredelemnul
Zin
The Shining One

Shops:
D:8 (   D:10 (   D:13 %[[*:

Annotations:
D:5 Ijyb
D:12 Jorgrun
D:13 2 transporters


Innate Abilities, Weirdness & Mutations

You do not eat or drink.
Your flesh is vulnerable to fire.
You are immune to poison.
Your flesh is cold resistant. (rC+)
You are immune to negative energy. (rN+++)
You are immune to unholy pain and torment.
You can survive without breathing.


Message History

* * * LOW HITPOINT WARNING * * *
Evoke which item? (* to show all) (? for menu, Esc to quit)
Aiming: Paralyse
Press: ? - help, Shift-Dir - straight line, f/p - white ugly thing
Aim: a white ugly thing (moderately wounded, chance to defeat MR: 28%)
The white ugly thing easily resists.
Your warg bites the white ugly thing but does no damage.
The white ugly thing misses you.
Your warg barely misses the white ugly thing.
Okay, then.
Unknown command.
Unknown command.
Unknown command.
Unknown command.
Evoke which item? (* to show all) (? for menu, Esc to quit)
Aiming: Paralyse
Press: ? - help, Shift-Dir - straight line, f/p - white ugly thing
Aim: a white ugly thing (moderately wounded, chance to defeat MR: 28%)
The white ugly thing easily resists.
The white ugly thing punches you.
You die...

.. #.# .# #.# .. #.# ##
.. #.# #. ..# #.# #. ..
. ##.##########. . #
...#### #.......#..... .
.#
......h####..####.#.....
. ...
......u@.8..##..........
...
....§<.####....##.#.....
.# ....###
#........#..... .# ...
#..####.####### ## .
#.{####.# #.h..##.
#Y##Y#.. #.. .).. ##.
.....


You could see a white ugly thing, a friendly warg and a friendly lightning
spire.

Vanquished Creatures
  A centaur warrior (D:13)
  An ogre mage (D:13)
  2 two-headed ogres
  A tengu warrior (D:14)
  A wizard (D:14)
  An ugly thing (D:11)
  3 deep elf magi
  2 centaur zombies
  A gargoyle (D:11)
  A troll (D:14)
  A hornet (D:11)
  A polar bear (shapeshifter) (D:13)
  2 hippogriffs
  Prince Ribbit (D:5)
  A wraith (D:13)
  3 yaks
  An ice beast (D:7)
  2 sky beasts (D:12)
  3 orc warriors
  A black bear (D:10)
  A centaur (D:7)
  A big kobold (D:14)
  2 bullfrogs
  A killer bee (D:8)
  6 crimson imps
  A quasit (D:8)
  A hound (D:10)
  2 bullfrog skeletons
  3 orc wizards
  2 centaur skeletons
  2 iguanas (D:6)
  Natasha (D:4)
  9 worker ants
  A hound skeleton (D:7)
  5 adders
  An adder zombie (D:6)
  2 leopard geckos
  5 orcs
  4 giant cockroaches
  2 goblins
  2 hobgoblins
  3 jackals (D:4)
  3 quokkas
  A bat (D:2)
  2 frilled lizards
  6 kobolds
  A leopard gecko skeleton (D:7)
  3 rats
103 creatures vanquished.

Vanquished Creatures (collateral kills)
  Fannar (D:11)
  A hydra (D:11)
  2 centaur warriors
  A death knight (D:11)
  6 two-headed ogres
  3 skeletal warriors
  A wizard (D:13)
  A deep elf archer (Bailey)
  8 deep elf magi (Bailey)
  A salamander (shapeshifter) (D:13)
  2 cyclopes
  4 ugly things
  2 centaur zombies
  Maurice (D:12)
  A gargoyle (D:11)
  A freezing wraith (D:11)
  A kobold demonologist (D:12)
  A tengu conjurer (D:14)
  A queen bee (D:8)
  5 trolls
  A hippogriff (D:8)
  2 wyverns
  A wraith (D:13)
  A basilisk (D:9)
  4 yaks
  A water moccasin (D:10)
  2 orc warriors
  An eye of draining (D:13)
  4 phantoms
  2 ice beasts
  8 ogres
  4 centaurs (D:12)
  A crocodile (D:9)
  Blork the orc (D:5)
  2 wyvern zombies
  A big kobold (D:7)
  3 bullfrogs
  A gnoll sergeant (D:8)
  2 scorpions (D:12)
  18 killer bees
  4 wights (D:8)
  5 howler monkeys
  8 crimson imps
  2 quasits
  A bullfrog zombie (D:5)
  3 jellies
  A bullfrog skeleton (D:4)
  A centaur skeleton (D:5)
  7 hounds
  5 orc priests
  13 orc wizards
  Natasha (D:4)
  5 worker ants
  2 hound zombies (D:5)
  A worker ant zombie (D:7)
  9 adders
  5 gnolls (D:8)
  4 shadow imps
  An adder zombie (D:5)
  An adder skeleton (D:7)
  2 worms (D:2)
  3 dart slugs
  6 leopard geckos
  26 orcs
  3 giant cockroaches
  7 goblins
  4 hobgoblins
  A ball python (D:1)
  6 bats
  2 frilled lizards (D:3)
  5 kobolds
  4 rats (D:1)
252 creatures vanquished.

Vanquished Creatures (others)
  A hydra (D:12)
  An ugly thing (D:14)
2 creatures vanquished.

Grand Total: 357 creatures vanquished

Notes
Turn   | Place    | Note
-------+----------+-------------------------------------------
     0 | D:1      | Gospel the Mummy Summoner began the quest for the Orb.
     0 | D:1      | Reached XP level 1. HP: 13/13 MP: 4/4
   542 | D:1      | Reached skill level 3 in Spellcasting
   680 | D:1      | Found a shattered altar of Ashenzari.
   698 | D:1      | Reached XP level 2. HP: 19/19 MP: 1/6
   706 | D:1      | Learned a level 2 spell: Call Imp
  1577 | D:2      | Reached XP level 3. HP: 24/24 MP: 1/8
  2082 | D:2      | Reached skill level 4 in Spellcasting
  2431 | D:2      | Found a faded altar of an unknown god.
  2472 | D:2      | Reached XP level 4. HP: 22/30 MP: 10/10
  3705 | D:3      | Found a glowing golden altar of the Shining One.
  3758 | D:3      | Found a sacrificial altar of Ru.
  3986 | D:3      | Found an ornate altar of the Wu Jian Council.
  4573 | D:4      | Noticed an ogre
  4587 | D:4      | Killed an ogre
  4587 | D:4      | Reached XP level 5. HP: 35/35 MP: 0/12
  4617 | D:4      | Reached skill level 5 in Spellcasting
  4810 | D:4      | Found a staircase to the Ecumenical Temple.
  4834 | Temple   | Entered the Ecumenical Temple
  4886 | Temple   | Became a worshipper of Vehumet
  4933 | D:4      | Learned a level 3 spell: Call Canine Familiar
  5046 | D:4      | Noticed Natasha
  5056 | D:4      | Killed Natasha
  5062 | D:4      | Noticed Natasha
  5075 | D:4      | Killed Natasha
  5075 | D:4      | Reached XP level 6. HP: 28/41 MP: 3/14
  5316 | D:4      | Found a sparkling altar of Nemelex Xobeh.
  5367 | D:5      | Entered Level 5 of the Dungeon
  5377 | D:5      | Noticed an ice beast
  5394 | D:5      | Killed an ice beast
  5394 | D:5      | Reached skill level 6 in Spellcasting
  5394 | D:5      | Reached skill level 5 in Summonings
  5615 | D:5      | Noticed Prince Ribbit
  5679 | D:5      | Killed Prince Ribbit
  5679 | D:5      | Reached skill level 7 in Spellcasting
  5679 | D:5      | Reached XP level 7. HP: 33/46 MP: 2/17
  5780 | D:5      | Learned a level 4 spell: Summon Lightning Spire
  5785 | D:5      | Learned a level 4 spell: Summon Ice Beast
  5789 | D:5      | Learned a level 3 spell: Summon Guardian Golem
  5791 | D:5      | Noticed Ijyb
  6148 | D:5      | Found a glowing silver altar of Zin.
  6174 | D:5      | Reached * piety under Vehumet
  6174 | D:5      | Offered knowledge of Magic Dart by Vehumet.
  6601 | D:5      | Noticed Blork the orc
  6941 | D:6      | Found a deep blue altar of Sif Muna.
  6988 | D:6      | Reached skill level 1 in Hexes
  6988 | D:6      | Reached skill level 1 in Ice Magic
  6988 | D:6      | Reached skill level 1 in Air Magic
  7074 | D:6      | Found a sacrificial altar of Ru.
  8707 | D:5      | Killed Blork the orc
  9308 | D:5      | Found a hide-covered altar of Uskayaw.
  9552 | D:6      | Reached XP level 8. HP: 52/52 MP: 9/19
 10218 | D:7      | Offered knowledge of Flame Tongue by Vehumet.
 10222 | D:7      | Reached ** piety under Vehumet
 10577 | D:7      | Reached skill level 8 in Spellcasting
 10585 | D:7      | Identified the ring "Canoos" {rPois rF+ rN+ MP+9}
 10677 | D:7      | Found a bloodstained altar of Trog.
 10736 | D:7      | Found a white marble altar of Elyvilon.
 11341 | D:7      | Learned a level 3 spell: Stone Arrow
 11479 | D:8      | Found Obeff's Weapon Shop.
 11587 | D:8      | Noticed a two-headed ogre
 11600 | D:8      | Killed a two-headed ogre
 11600 | D:8      | Reached skill level 1 in Conjurations
 11600 | D:8      | Reached skill level 1 in Earth Magic
 11600 | D:8      | Reached XP level 9. HP: 57/57 MP: 3/21
 11735 | D:8      | Noticed a queen bee
 11748 | D:8      | Killed a queen bee
 11748 | D:8      | Offered knowledge of Searing Ray by Vehumet.
 12184 | D:8      | Reached *** piety under Vehumet
 12184 | D:8      | Reached skill level 9 in Spellcasting
 12190 | D:8      | Found a shimmering altar of Xom.
 12372 | D:8      | Noticed a two-headed ogre
 12386 | D:8      | Killed a two-headed ogre
 13491 | D:9      | Offered knowledge of Conjure Flame by Vehumet.
 13504 | D:9      | Learned a level 3 spell: Conjure Flame
 13550 | D:9      | Noticed a troll
 13554 | D:9      | Killed a troll
 13669 | D:9      | Found a stormy altar of Qazlal.
 13913 | D:9      | Found a staircase to the Lair.
 13927 | D:9      | Reached XP level 10. HP: 55/63 MP: 23/23
 14113 | D:10     | Entered Level 10 of the Dungeon
 14121 | D:10     | Noticed a cyclops
 14416 | D:10     | Killed a cyclops
 14686 | D:10     | Found Huttotra's Antique Weapon Shop.
 15442 | D:11     | Noticed a two-headed ogre
 15453 | D:11     | Killed a two-headed ogre
 15453 | D:11     | Reached skill level 10 in Spellcasting
 15506 | D:11     | Reached **** piety under Vehumet
 15555 | D:11     | Noticed a gargoyle
 15568 | D:11     | Noticed Fannar
 15568 | D:11     | Killed a gargoyle
 15599 | D:11     | Killed Fannar
 15715 | D:11     | Noticed a gargoyle
 15736 | D:11     | Killed a gargoyle
 15814 | D:11     | Noticed a white ugly thing
 15824 | D:11     | Killed a white ugly thing
 15852 | D:11     | Found a flagged portal.
 15909 | Bailey   | Entered a bailey
 15980 | Bailey   | Noticed a deep elf mage
 15992 | Bailey   | HP: 2/63 [burnt (9)]
 16008 | Bailey   | Killed a deep elf mage
 16311 | Bailey   | Noticed a deep elf mage
 16313 | Bailey   | Noticed a deep elf mage
 16314 | Bailey   | Noticed a deep elf mage
 16317 | Bailey   | Killed a deep elf mage
 16322 | Bailey   | Killed a deep elf mage
 16322 | Bailey   | Reached XP level 11. HP: 68/68 MP: 21/25
 16328 | Bailey   | Noticed a deep elf mage
 16329 | Bailey   | Killed a deep elf mage
 16331 | Bailey   | Killed a deep elf mage
 16332 | Bailey   | Noticed a deep elf mage
 16370 | Bailey   | Killed a deep elf mage
 16370 | Bailey   | Offered knowledge of Ignite Poison by Vehumet.
 16370 | Bailey   | Reached skill level 5 in Earth Magic
 16592 | Bailey   | Noticed a deep elf mage
 16622 | Bailey   | Killed a deep elf mage
 16622 | Bailey   | Reached skill level 11 in Spellcasting
 16661 | Bailey   | Noticed a deep elf archer
 16672 | Bailey   | Killed a deep elf archer
 16672 | Bailey   | Reached skill level 5 in Conjurations
 16745 | Bailey   | Identified a scroll of acquirement
 16780 | Bailey   | Noticed a deep elf mage
 16780 | Bailey   | Noticed a deep elf mage
 16782 | Bailey   | Noticed a deep elf mage
 16801 | Bailey   | Killed a deep elf mage
 16803 | Bailey   | Killed a deep elf mage
 16806 | Bailey   | Killed a deep elf mage
 17064 | D:11     | Learned a level 5 spell: Lightning Bolt
 17177 | D:11     | Got a brightly glowing plate armour
 17184 | D:11     | Noticed a seven-headed hydra
 17192 | D:11     | Killed a seven-headed hydra
 17548 | D:11     | Noticed a brown ugly thing
 17568 | D:11     | Killed a brown ugly thing
 17754 | D:11     | Noticed a skeletal warrior
 17759 | D:11     | Noticed a skeletal warrior
 17785 | D:11     | Noticed a death knight
 17790 | D:11     | Killed a skeletal warrior
 17808 | D:11     | Killed a skeletal warrior
 17817 | D:11     | Killed a death knight
 18211 | D:12     | Noticed Maurice
 18236 | D:12     | Killed Maurice
 18590 | D:12     | Reached ***** piety under Vehumet
 18592 | D:12     | Reached skill level 12 in Spellcasting
 18767 | D:12     | Noticed a five-headed hydra
 18777 | D:12     | Killed a five-headed hydra
 18802 | D:12     | Noticed a centaur warrior
 18957 | D:12     | Offered knowledge of Bolt of Draining by Vehumet.
 19023 | D:12     | Killed a centaur warrior
 19314 | D:12     | Noticed a white ugly thing
 19323 | D:12     | Killed a white ugly thing
 19519 | D:12     | Noticed Jorgrun
 19945 | D:13     | Found Ittur's Antique Armour Emporium.
 20070 | D:13     | Found Acug's Book Emporium.
 20080 | D:13     | Bought a transparent helmet for 342 gold pieces
 20112 | D:13     | Noticed a centaur warrior
 20114 | D:13     | Killed a centaur warrior
 20244 | D:13     | Noticed a wizard
 20246 | D:13     | Learned a level 3 spell: Mephitic Cloud
 20252 | D:13     | Killed a wizard
 20252 | D:13     | Reached XP level 12. HP: 74/74 MP: 21/28
 20307 | D:13     | You fall through a shaft for 2 floors!
 20307 | D:15     | Entered Level 15 of the Dungeon
 20323 | D:15     | Noticed an ogre mage
 20323 | D:15     | Noticed a two-headed ogre
 20334 | D:15     | Killed a two-headed ogre
 20339 | D:15     | Noticed a catoblepas
 20391 | D:14     | Noticed a two-headed ogre
 20401 | D:14     | Killed a two-headed ogre
 20414 | D:14     | Noticed a centaur warrior
 20438 | D:14     | Noticed a yaktaur captain
 20450 | D:14     | Identified the +2 helmet of Tebol {Dex+7} (You bought it in
                  | a shop on level 13 of the Dungeon)
 20462 | D:14     | HP: 2/74 [wizard/fireball (21)]
 20471 | D:14     | Noticed a tengu warrior
 20482 | D:14     | Killed a tengu warrior
 20482 | D:14     | Reached skill level 13 in Spellcasting
 20486 | D:13     | Found Byogomer's Assorted Antiques.
 20788 | D:13     | Bought a bloodstained robe for 165 gold pieces
 20803 | D:13     | Identified the +1 robe of the Dwarven Hall {rN++} (You
                  | bought it in a shop on level 13 of the Dungeon)
 20813 | D:13     | Identified the +1 plate armour of Sat Syist {+Fly MR+
                  | rCorr} (You found it on level 11 of the Dungeon)
 20873 | D:13     | Found a transporter.
 20883 | D:13     | Noticed an acid blob
 20883 | D:13     | Noticed an acid blob
 20883 | D:13     | Noticed an acid blob
 21164 | D:13     | Noticed a two-headed ogre
 21168 | D:13     | Noticed an ogre mage
 21172 | D:13     | Killed a two-headed ogre
 21173 | D:13     | Noticed a two-headed ogre
 21183 | D:13     | Killed an ogre mage
 21184 | D:13     | Killed a two-headed ogre
 21358 | D:13     | Found a gate to the Vaults.
 21363 | D:13     | Noticed a two-headed ogre
 21393 | D:13     | Killed a two-headed ogre
 21841 | D:13     | Learned a level 5 spell: Lee's Rapid Deconstruction
 21858 | D:13     | Found Jykkov's Food Boutique.
 21944 | D:13     | Noticed a centaur warrior
 21988 | D:13     | Killed a centaur warrior
 22178 | D:13     | Found Fatitoom's Antique Armour Boutique.
 22315 | D:13     | Found a transporter.
 22463 | D:14     | HP: 2/74 [white ugly thing (7)]
 22465 | D:14     | Slain by a white ugly thing

Skill      XL: |  1  2  3  4  5  6  7  8  9 10 11 12 |
---------------+-------------------------------------+-----
Spellcasting   | 3 4 5 7 8 9 10 12 13 | 13.6
Summonings     | 4 5 6 7 8 |  8.5
Hexes          | 1 2 |  2.0
Ice Magic      | 1 3 4 |  4.2
Air Magic      | 1 3 4 |  4.1
Conjurations   | 1 2 4 6 8 |  8.1
Earth Magic    | 1 3 4 6 8 |  8.0
Dodging        | |  1.5
Stealth        | |  1.5

Action                   |  1- 3 |  4- 6 |  7- 9 | 10-12 || total
-------------------------+-------+-------+-------+-------++-------
Melee: Unarmed           |     4 |       |       |       ||     4
       Dagger            |    47 |    95 |   172 |    59 ||   373
       Long sword        |       |       |       |    76 ||    76
 Cast: Summon Small Mamm |    62 |    39 |     8 |       ||   109
       Call Imp          |    16 |    43 |    20 |     1 ||    80
       Call Canine Famil |       |     4 |    35 |    26 ||    65
       Summon Lightning  |       |       |    48 |    89 ||   137
       Summon Ice Beast  |       |       |    34 |    70 ||   104
       Summon Guardian G |       |       |    16 |    32 ||    48
       Stone Arrow       |       |       |     2 |     9 ||    11
       Conjure Flame     |       |       |     1 |    20 ||    21
       Lightning Bolt    |       |       |       |    11 ||    11
       Mephitic Cloud    |       |       |       |    12 ||    12
Evoke: Wand              |       |       |     2 |    18 ||    20
  Use: Scroll            |     1 |    13 |    10 |    12 ||    36
 Stab: Sleeping          |     1 |     1 |     1 |     1 ||     4
       Distracted        |       |       |     3 |     1 ||     4
       Confused          |       |       |       |     1 ||     1
Armor: Robe              |    19 |    18 |    67 |    56 ||   160
Dodge: Dodged            |    66 |    67 |   122 |   113 ||   368
Block: Other             |    10 |    10 |    32 |    26 ||    78
       Reflection        |     1 |       |     1 |     2 ||     4
       Rpst.: Long sword |       |       |       |    17 ||    17
